Map: Battle on the Boardwalk LE

Players

meowmeowcute - Winner!

  • Race: Protoss Protoss
  • Spawn Location: 1:00

VOD

Have the link to the VOD?

Description

Time

  • Played on: Dec. 19, 2017, 3:25 p.m.
  • Length: 19:36
Show
View Real Time Build Order
Export as new Build Order

meowmeowcute Protoss - Winner!

Build Orders:  

Get SALT Encoding   

  12  0:33  Pylon  
  12  0:37  Pylon  
  12  0:58  Assimilator  
  12  1:08  Gateway  
  12  1:09  Probe (Chrono Boost)  
  13  1:16  Assimilator  
  13  1:29  Probe (Chrono Boost)  
  14  1:46  Probe (Chrono Boost)  
  15  2:02  Forge  
  15  2:03  Probe (Chrono Boost)  
  17  2:20  Probe (Chrono Boost)  
  17  2:37  Probe (Chrono Boost)  
  18  2:41  Cybernetics Core  
  18  2:55  Probe (Chrono Boost)  
  18  2:57  Zealot  
  21  3:24  Photon Cannon  
  21  3:35  Zealot  
  23  4:13  Sentry  
  25  4:20  Pylon  
  25  4:30  Robotics Facility  
  25  4:39  Shield Battery  
  25  4:50  Stalker  
  27  5:06  Pylon  
  27  5:13  Probe (Chrono Boost)  
  29  5:30  Probe (Chrono Boost)  
  29  5:36  Stalker  
  31  5:47  Probe (Chrono Boost)  
  32  6:02  Protoss Ground Armor Level 1  
  32  6:04  Probe (Chrono Boost)  
  33  6:32  Robotics Bay  
  33  6:38  Zealot  
  35  7:16  Zealot  
  37  7:32  Nexus  
  37  7:53  Stalker  
  39  8:03  Pylon  
  39  8:32  Stargate  
  39  8:37  Probe (Chrono Boost)  
  40  8:42  Protoss Ground Weapons Level 1  
  40  8:54  Probe (Chrono Boost), Zealot  
  43  9:06  Assimilator  
  43  9:12  Assimilator  
  43  9:26  Probe (Chrono Boost)  
  44  9:31  Zealot  
  46  9:43  Probe (Chrono Boost)  
  48  10:00  Probe (Chrono Boost)  
  48  10:09  Zealot  
  50  10:14  Observer  
  50  10:17  Probe (Chrono Boost)  
  52  10:34  Probe (Chrono Boost)  
  53  10:44  Immortal  
  53  10:47  Zealot  
  60  10:51  Probe (Chrono Boost)  
  60  11:07  Fleet Beacon  
  60  11:08  Probe (Chrono Boost)  
  61  11:16  Pylon  
  61  11:22  Protoss Shields Level 1  
  61  11:25  Probe (Chrono Boost)  
  62  11:39  Immortal  
  75  12:42  Probe (Chrono Boost)  
  74  12:58  Observer  
  74  12:59  Probe (Chrono Boost)  
  76  13:15  Probe (Chrono Boost), Photon Cannon  
  76  13:19  Photon Cannon  
  77  13:53  Pylon  
  77  13:59  Pylon  
  77  14:15  Nexus  
  77  14:18  Immortal  
  81  14:24  Graviton Catapult  
  81  14:32  Protoss Air Weapons Level 1  
  81  14:42  Zealot  
  83  14:56  Probe (Chrono Boost)  
  84  15:06  Unknown  
  84  15:13  Immortal, Probe (Chrono Boost)  
  89  15:20  Zealot  
  94  15:30  Probe (Chrono Boost)  
  92  15:35  Gateway  
  92  15:43  Assimilator  
  92  15:46  Probe (Chrono Boost)  
  93  15:51  Assimilator  
  93  15:58  Zealot  
  95  16:03  Probe (Chrono Boost)  
  96  16:36  Zealot  
  98  16:47  Carrier  
  104  16:54  Zealot  
  106  17:14  Zealot  
Tags
 
Add a new tag
Caveats
  • Supply blocks, unpowered buildings, or Contaminate may cause inaccurate times.
  • Supply counts are checked every 10 seconds.